 Dungeon Crawl Stone Soup version 0.31-a0-154-g56bf346678 (webtiles) character file.

Game seed: 3764518042560620812

93 Serulin the Covered (level 4, 29/29 HPs)
             Began as a Gargoyle Fighter on June 12, 2023.
             Quit the game on level 2 of the Dungeon.
             The game lasted 00:02:29 (1156 turns).

Serulin the Covered (Gargoyle Fighter)              Turns: 1156, Time: 00:02:29

Health: 29/29      AC: 10    Str: 22    XL:     4   Next: 61%
Magic:  4/4        EV:  9    Int:  8    God:
Gold:   90         SH:  4    Dex:  9    Spells: 3/3 levels left

rFire   . . .        a - +0 flail
rCold   . . .        c - +0 buckler
rNeg    + . .        b - +0 scale mail
rPois   ∞            (no helmet)
rElec   +            (no cloak)
rCorr   .            (no gloves)
SInv    .            (no boots)
Will    .....        (no amulet) Stlth
                     e - +4 ring of slaying
HPRegen 0.24/turn    (no ring)
MPRegen 0.09/turn

%: no passive effects
@: no status effects
A: sickness immunity, AC +3, negative energy resistance 1, electricity
resistance, torment resistance 1, petrification resistance
a: no special abilities


You were on level 2 of the Dungeon.
You visited 1 branch of the dungeon, and saw 2 of its levels.

You collected 90 gold pieces.

Inventory:

Hand Weapons
 a - a +0 flail (weapon)
Missiles
 o - 2 poisoned darts
Armour
 b - a +0 scale mail (worn)
 c - a +0 buckler (worn)
Jewellery
 e - a +4 ring of slaying (left hand)
 m - an amulet of the acrobat
Scrolls
 f - a scroll of immolation {unknown}
 g - 4 scrolls of identify {unknown}
 h - a scroll of teleportation {unknown}
 k - a scroll of fear {unknown}
 l - 2 scrolls of amnesia {unknown}
 n - a scroll of blinking {unknown}
Potions
 d - a potion of might
 i - a potion of enlightenment {unknown}
 j - a potion of heal wounds {unknown}


   Skills:
 + Level 4.0 Fighting
 + Level 2.8 Maces & Flails
 + Level 4.0 Armour
 + Level 4.0 Shields


You had 3 spell levels left.
You didn't know any spells.
Your spell library was empty.

Dungeon Overview and Level Annotations

Branches:
Dungeon (2/15)

Altars:


Innate Abilities, Weirdness & Mutations

You are immune to sickness and miasma.
Your stone body is resilient. (AC +3)
You are immune to poison.
You resist negative energy. (rN+)
You are resistant to electric shocks. (rElec)
You are resistant to unholy torment.
You are immune to petrification.


Message History

You miss the bat. The bat misses you. The bat hits you but does no damage.
You block the bat's attack. The kobold hits you but does no damage.
You block the hobgoblin's attack.
You closely miss the bat. The bat barely misses you.
The kobold hits you but does no damage. The hobgoblin closely misses you.
You hit the hobgoblin.
The hobgoblin is heavily wounded.
The bat closely misses you. The kobold hits you but does no damage.
The hobgoblin hits you but does no damage.
You barely miss the hobgoblin.
The hobgoblin is heavily wounded.
The bat hits you but does no damage. x2
The kobold hits you but does no damage. The hobgoblin barely misses you.
You block the kobold's attack. The hobgoblin closely misses you.
You barely miss the hobgoblin.
The hobgoblin is heavily wounded.
The bat closely misses you. You block the kobold's attack.
The hobgoblin closely misses you.
You sock the hobgoblin!
You kill the hobgoblin!
The bat barely misses you. You block the kobold's attack.
You hit the kobold.
The kobold is moderately wounded.
The bat misses you. The kobold hits you with a +0 whip.
The kobold barely misses you.
You sock the kobold!
You kill the kobold!
The bat barely misses you.
Found 5 stones.
You block the bat's attack.
You see here a +0 dagger.
You hit the bat.
The bat is heavily wounded.
The bat closely misses you.
You closely miss the bat.
The bat is heavily wounded.
The bat hits you but does no damage.
You sock the bat!
You kill the bat!
No target in view!
Are you sure you want to abandon this character and quit the game? (Confirm with "yes".)

##. #.##.#..##....#
##..###....#..#<...##
#>...................
####.#.#...........#
#......##.##..#.....
#.##...##...........
# #....########.....
#.##....# #.....
#..@†)..# #....#
#.....†.....# ######
#...........# #
#...........# #
#...........# #
#...........#
#...........#
#........(..#


There were no monsters in sight!

Vanquished Creatures
  4 adders (D:2)
  2 dart slugs (D:1)
  7 ball pythons
  5 endoplasms
  A giant cockroach (D:1)
  5 goblins
  5 hobgoblins
  4 jackals (D:1)
  A quokka (D:1)
  3 bats
  3 frilled lizards
  5 kobolds
  2 rats
47 creatures vanquished.

Notes
Turn   | Place    | Note
-------+----------+-------------------------------------------
     0 | D:1      | Serulin the Gargoyle Fighter began the quest for the Orb.
     0 | D:1      | Reached XP level 1. HP: 14/14 MP: 1/1
    88 | D:1      | Reached XP level 2. HP: 13/19 MP: 2/2
   218 | D:1      | Reached XP level 3. HP: 17/23 MP: 3/3
   776 | D:2      | Reached XP level 4. HP: 29/29 MP: 4/4
  1156 | D:2      | Quit the game

Illustrated notes

Levels and vault maps discovered:
D:1:      psy_arrival_dodecagon, layout_loops_cross
D:2:      layout_basic

Skill      XL: |  1  2  3  4 |
---------------+-------------+-----
Armour         | 4 |  4.0
Fighting       | 4 |  4.0
Shields        | 4 |  4.0
Maces & Flails | |  2.8

Action                     |  1- 3 |  4- 6 || total
---------------------------+-------+-------++-------
  Melee: Flail             |    73 |    33 ||   106
 Armour: Scale mail        |    38 |    25 ||    63
  Dodge: Dodged            |    42 |    22 ||    64
  Block: Buckler           |    18 |     9 ||    27

Table legend: (Time is in decaauts)
 A = Elapsed time spent in this place.
 B = Non-inter-level travel time spent in this place.
 C = Inter-level travel time spent in this place.
 D = Time resting spent in this place.
 E = Time spent auto-exploring this place.
 F = Levels seen in this place.
 G = Mean time per level.
                   A        B        C        D        E       F      G
               +--------+--------+--------+--------+--------+-----+--------+
         Total |   1187 |   1174 |     13 |      0 |    884 |   2 |  593.5 |
       Dungeon |   1187 |   1174 |     13 |      0 |    884 |   2 |  593.5 |
               +--------+--------+--------+--------+--------+-----+--------+

Top non-repeatable levels by time:
     D:1: 711 daAuts
     D:2: 476 daAuts
